 Dungeon Crawl Stone Soup version 0.31.0-10-gcf4a605ca0 (webtiles) character file.

Game seed: 1263972836828627653

343 ymhsbmbesitwf the Poker (level 6, -2/47 HPs)
             Began as a Gnoll Wanderer on Jan 25, 2024.
             Slain by a killer bee (5 damage)
             ... on level 4 of the Dungeon.
             The game lasted 00:08:01 (3171 turns).

ymhsbmbesitwf the Poker (Gnoll Wanderer)            Turns: 3171, Time: 00:08:01

Health: -2/47      AC:  7    Str: 14    XL:     6   Next: 57%
Magic:  9/9        EV: 16    Int:  9    God:
Gold:   105        SH:  0    Dex: 13    Spells: 9/9 levels left

rFire   + . .        b - +3 whip (elec)
rCold   . . .        (no shield)
rNeg    . . .        y - +0 ring mail
rPois   .            (no helmet)
rElec   .            c - +0 cloak
rCorr   .            (no gloves)
SInv    .            (no boots)
Will    .....        (no amulet)
Stlth   +++          t - +5 ring of evasion
HPRegen 0.27/turn    e - ring of protection from fire
MPRegen 0.11/turn

%: no passive effects
@: lethally poisoned (-2 -> -6)
A: fangs 1, strong nose, distributed training
a: no special abilities


You were on level 4 of the Dungeon.
You visited 1 branch of the dungeon, and saw 4 of its levels.

You collected 131 gold pieces.
You spent 26 gold pieces at shops.

Inventory:

Hand Weapons
 a - a +2 spear
 b - a +3 whip of electrocution (weapon)
Armour
 c - a +0 cloak (worn)
 y - a +0 ring mail (worn)
Jewellery
 e - a ring of protection from fire (right hand)
 t - a +5 ring of evasion (left hand)
Scrolls
 g - 2 scrolls of fear
 h - 2 scrolls of teleportation {unknown}
 j - a scroll of noise {unknown}
 o - a scroll of blinking {unknown}
 p - a scroll of fog
 q - 3 scrolls of enchant armour {unknown}
 r - a scroll of torment {unknown}
 u - a scroll of revelation {unknown}
 w - a scroll of enchant weapon {unknown}
 z - a scroll of poison {unknown}
Potions
 f - a potion of magic
 i - a potion of haste
 k - a potion of mutation {unknown}
 l - a potion of berserk rage {unknown}
 m - 2 potions of degeneration {unknown}
 s - a potion of cancellation {unknown}
 v - a potion of attraction {unknown}
 x - a potion of enlightenment {unknown}


   Skills:
 + Level 3.3 Fighting
 + Level 2.1 Short Blades
 + Level 2.1 Long Blades
 + Level 2.1 Axes
 + Level 2.1 Maces & Flails
 + Level 6.9 Polearms
 + Level 2.1 Staves
 + Level 2.1 Ranged Weapons
 + Level 2.1 Throwing
 + Level 5.0 Armour
 + Level 3.3 Dodging
 + Level 6.3 Stealth
 + Level 2.1 Shields
 + Level 2.1 Unarmed Combat
 + Level 2.1 Spellcasting
 + Level 1.6 Conjurations
 + Level 1.6 Hexes
 + Level 1.6 Summonings
 + Level 1.6 Necromancy
 + Level 1.6 Translocations
 + Level 1.6 Fire Magic
 + Level 1.6 Ice Magic
 + Level 1.6 Air Magic
 + Level 1.6 Earth Magic
 + Level 1.6 Alchemy
 + Level 2.3 Invocations
 + Level 2.1 Evocations
 + Level 1.9 Shapeshifting


You had 9 spell levels left.
You didn't know any spells.
Your spell library contained the following spells:

 Spells                   Type           Power      Damage    Failure   Level
 Freeze                   Ice            12%        1d3       32%         1
 Blink                    Tloc           6%         N/A       43%         2
 Call Imp                 Summ           6%         N/A       43%         2
 Lesser Beckoning         Tloc           6%         N/A       43%         2
 Momentum Strike          Conj/Tloc      6%         3d8       43%         2
 Sublimation of Blood     Necr           3%         N/A       43%         2
 Frozen Ramparts          Ice            6%         1d1       67%         3
 Hailstorm                Conj/Ice       3%         3d5       67%         3
 Inner Flame              Hex/Fire       3%         N/A       67%         3
 Summon Ice Beast         Ice/Summ       3%         N/A       67%         3
 Flame Wave               Conj/Fire      3%         2d5       97%         4
 Sticky Flame             Fire/Alch      3%         2d4       97%         4
 Summon Mana Viper        Hex/Summ       3%         N/A       100%        5
 Sculpt Simulacrum        Ice/Alch       1%         N/A       100%        6
 Monstrous Menagerie      Summ           1%         N/A       100%        7
 Summon Hydra             Summ           1%         N/A       100%        7


Dungeon Overview and Level Annotations

Branches:
Dungeon (4/15)
 Temple: D:4-7

Altars:
Cheibriados
Makhleb
Nemelex Xobeh
Ru
Wu Jian
Xom
Yredelemnul

Shops:
D:1 (*[[   D:2 (


Innate Abilities, Weirdness & Mutations

You have very sharp teeth.
Your uncanny sense of smell can sniff out nearby items.
Your experience applies equally to all skills.


Message History

The killer bee closely misses you.
You miss the killer bee. Your bite misses the killer bee.
You feel sick. The killer bee stings you.
* * * LOW HITPOINT WARNING * * *
The killer bee closely misses you.
You closely miss the killer bee.
You feel sick.
The killer bee stings you but does no damage.
The killer bee completely misses you.
You hit the killer bee.
The killer bee is moderately wounded.
You feel sick. The killer bee stings you.
* * * LOW HITPOINT WARNING * * *
You are lethally poisoned!
The killer bee poisons you! The killer bee misses you.
You feel better. The killer bee completely misses you.
The killer bee closely misses you.
You aren't carrying any items that you can evoke.
As you read the scroll of identify, it crumbles to dust.
g - 3 scrolls of fear The killer bee completely misses you.
The killer bee stings you but does no damage.
The killer bee completely misses you. The killer bee closely misses you.
The killer bee stings you.
* * * LOW HITPOINT WARNING * * *
You are lethally poisoned!
The killer bee poisons you!
Okay, then.
As you read the scroll of fear, it crumbles to dust.
You assume a fearsome visage.
The ribbon worm looks frightened!
The killer bee looks frightened! x5
* * * LOW HITPOINT WARNING * * *
You feel very sick.
Cornered, the killer bee turns to fight! x2
* * * LOW HITPOINT WARNING * * *
You feel sick. The killer bee misses you.
You barely miss the killer bee. Your bite misses the killer bee.
The killer bee is lightly wounded.
* * * LOW HITPOINT WARNING * * *
You feel sick. The killer bee stings you.
You die...

.##.##.####..##.#
.[#..........##.#
#..###.#####.##.##
##.# #.# #.##..#
#..###.# #. ##.##
.......#
##.##...######.
######..
................ #
...
.....#...#......
.. ...
####.##@##.#####
#.. >..# # #y# #
.... #y# ..# #.#
.## #.# #..y...#
#.#s##.# .. #y#
... ..#


You could see 3 killer bees.

Vanquished Creatures
  An ogre (D:3)
  A bombardier beetle (D:3)
  A jelly (D:4)
  9 adders
  7 dart slugs
  5 orcs (D:3)
  7 bats
  9 endoplasms
  5 giant cockroaches
  8 goblins
  7 hobgoblins
  3 jackals (D:3)
  6 kobolds
  4 quokkas
  12 ball pythons
  3 frilled lizards
  6 rats
94 creatures vanquished.

Notes
Turn   | Place    | Note
-------+----------+-------------------------------------------
     0 | D:1      | ymhsbmbesitwf the Gnoll Wanderer began the quest for the
                  | Orb.
     0 | D:1      | ymhsbmbesitwf set off with the following items: a +2 spear,
                  | a scroll of fog, a +0 cloak, a potion of curing, a +0
                  | leather armour.
     0 | D:1      | Reached XP level 1. HP: 17/17 MP: 1/1
    33 | D:1      | Reached XP level 2. HP: 22/23 MP: 2/2
    87 | D:1      | Found Loelary's Antique Armour Boutique.
   160 | D:1      | Found Dexzuluu's Antique Weapon Shoppe.
   191 | D:1      | Found a transporter.
   191 | D:1      | Found Ympe's General Store.
   248 | D:1      | Reached XP level 3. HP: 28/28 MP: 3/3
   248 | D:1      | Found a transporter.
   258 | D:1      | Bought a scroll of identify for 26 gold pieces
   323 | D:1      | Found Ukurghan's Armour Boutique.
   523 | D:1      | Reached skill level 1 in Invocations
   808 | D:2      | Reached skill level 1 in Short Blades
   808 | D:2      | Reached skill level 1 in Long Blades
   808 | D:2      | Reached skill level 1 in Axes
   808 | D:2      | Reached skill level 1 in Maces & Flails
   808 | D:2      | Reached skill level 1 in Staves
   808 | D:2      | Reached skill level 1 in Ranged Weapons
   808 | D:2      | Reached skill level 1 in Throwing
   808 | D:2      | Reached skill level 1 in Shields
   808 | D:2      | Reached skill level 1 in Unarmed Combat
   808 | D:2      | Reached skill level 1 in Spellcasting
   808 | D:2      | Reached skill level 1 in Evocations
   832 | D:2      | Reached skill level 1 in Shapeshifting
   832 | D:2      | Reached XP level 4. HP: 24/34 MP: 5/5
  1456 | D:2      | Reached skill level 1 in Conjurations
  1456 | D:2      | Reached skill level 1 in Hexes
  1456 | D:2      | Reached skill level 1 in Summonings
  1456 | D:2      | Reached skill level 1 in Necromancy
  1456 | D:2      | Reached skill level 1 in Translocations
  1456 | D:2      | Reached skill level 1 in Fire Magic
  1456 | D:2      | Reached skill level 1 in Ice Magic
  1456 | D:2      | Reached skill level 1 in Air Magic
  1456 | D:2      | Reached skill level 1 in Earth Magic
  1456 | D:2      | Reached skill level 1 in Alchemy
  1470 | D:2      | Found Wiuvvuamn's Antique Weapon Emporium.
  1534 | D:2      | Found a faded altar of an unknown god.
  1703 | D:2      | Found a basalt altar of Yredelemnul.
  2025 | D:3      | Found a snail-covered altar of Cheibriados.
  2038 | D:3      | Reached XP level 5. HP: 39/40 MP: 5/7
  2087 | D:3      | Found an ornate altar of the Wu Jian Council.
  2243 | D:3      | Found a sacrificial altar of Ru.
  2602 | D:3      | Found a sparkling altar of Nemelex Xobeh.
  2602 | D:3      | Found a shimmering altar of Xom.
  2602 | D:3      | Found a burning altar of Makhleb.
  2758 | D:3      | Noticed an ogre
  2769 | D:3      | Killed an ogre
  2770 | D:3      | Reached skill level 5 in Armour
  2770 | D:3      | Reached XP level 6. HP: 47/47 MP: 7/9
  3171 | D:4      | Slain by a killer bee

Illustrated notes

Levels and vault maps discovered:
D:1:      nicolae_arrival_washed_ashore, layout_loops_ring, serial_shops,
          nicolae_shop_drivethru, shop, nicolae_shop_stone, nicolae_square_shop,
          minmay_pentomino_p2
D:2:      layout_basic, basic_altar, serial_shops, nicolae_shop_back_alley_shop,
          hellmonk_ecumenical_altar_heavens_door
D:3:      minmay_octagon_keep, layout_loops_ring,
          mainiacjoe_overflow_cross_hatched, slow_altar_1,
          gammafunk_temple_overflow_forgotten, nicolae_wu_jian_wuxing_cycle,
          minmay_misc_feat_five, grunt_ministairs_9
D:4:      layout_loops_ring

Skill      XL: |  1  2  3  4  5 |
---------------+----------------+-----
Stealth        | 6 |  6.3
Invocations    | 1 2 |  2.3
Short Blades   | 1 2 |  2.1
Long Blades    | 1 2 |  2.1
Axes           | 1 2 |  2.1
Maces & Flails | 1 2 |  2.1
Staves         | 1 2 |  2.1
Ranged Weapons | 1 2 |  2.1
Throwing       | 1 2 |  2.1
Shields        | 1 2 |  2.1
Unarmed Combat | 1 2 |  2.1
Spellcasting   | 1 2 |  2.1
Evocations     | 1 2 |  2.1
Shapeshifting  | 1 |  1.9
Conjurations   | 1 |  1.6
Hexes          | 1 |  1.6
Summonings     | 1 |  1.6
Necromancy     | 1 |  1.6
Translocations | 1 |  1.6
Fire Magic     | 1 |  1.6
Ice Magic      | 1 |  1.6
Air Magic      | 1 |  1.6
Earth Magic    | 1 |  1.6
Alchemy        | 1 |  1.6
Fighting       | 3 |  3.3
Dodging        | 3 |  3.3
Armour         | 5 |  5.0
Polearms       | |  6.9

Action                     |  1- 3 |  4- 6 || total
---------------------------+-------+-------++-------
  Melee: Spear             |    71 |    35 ||   106
         Bite              |     1 |    20 ||    21
         Whip              |       |   155 ||   155
         Punch             |       |     4 ||     4
    Use: Scroll            |     2 |     2 ||     4
         Potion            |       |     1 ||     1
   Stab: Sleeping          |    15 |    13 ||    28
         Distracted        |       |     1 ||     1
 Armour: Leather armour    |    12 |    77 ||    89
         Ring mail         |       |    34 ||    34
  Dodge: Dodged            |    21 |   185 ||   206
